 Dungeon Crawl Stone Soup version 0.30.0-17-ge0270778cf (webtiles) character file.

Game seed: 11608831342406266433

548 Cheops the Cutter (level 7, -1/53 HPs)
             Began as an Armataur Earth Elementalist on May 22, 2023.
             Slain by Ijyb
             ... wielding a +0 dagger
              (4 damage)
             ... on level 4 of the Dungeon.
             The game lasted 00:17:57 (3147 turns).

Cheops the Cutter (Armataur Earth Elementalist)     Turns: 3147, Time: 00:17:57

Health: -1/53      AC:  8    Str: 13    XL:     7   Next: 7%
Magic:  1/10       EV:  7    Int: 16    God:
Gold:   166        SH:  5    Dex: 18    Spells: 7/10 levels left

rFire   . . .        a - +2 dagger (venom)
rCold   . . .        t - orb {*Rage}
rNeg    . . .        n - +1 scale mail {rPois}
rPois   +            u - +1 hat
rElec   .            (no cloak)
rCorr   .            (no gloves)
SInv    .            (no barding)
Will    .....        i - amulet of reflection
Stlth   +            e - +6 ring of dexterity
HPRegen 0.28/turn    (no ring)
MPRegen 0.12/turn

%: random rage (20%), reflection, roll
@: on berserk cooldown, attractive, very slightly contaminated
A: large, rugged brown scales 3, deformed body, armoured tail, roll, long
tongue, awkward tongue
a: no special abilities


You were on level 4 of the Dungeon.
You visited 1 branch of the dungeon, and saw 4 of its levels.

You collected 166 gold pieces.

Inventory:

Hand Weapons
 a - a +2 dagger of venom (weapon)
 j - a +0 short sword
 l - a +0 dagger
 w - a +2 sling of draining
Armour
 f - a +0 robe
 n - a +1 scale mail of poison resistance (worn)
 p - an orb of energy
 t - an orb of wrath (worn)
 u - a +1 hat (worn)
Jewellery
 e - a +6 ring of dexterity (left hand)
 i - an amulet of reflection (around neck)
Wands
 m - a wand of flame (3)
Scrolls
 g - a scroll of teleportation
 h - a scroll of poison
 o - a scroll of butterflies {unknown}
 q - a scroll of immolation {unknown}
 s - a scroll of enchant armour
 v - a scroll of identify
Potions
 b - a potion of magic
 c - a potion of brilliance
 r - a potion of mutation


   Skills:
 * Level 4.4 Short Blades
 - Level 1.3 Dodging
 - Level 2.1 Stealth
 - Level 2.0 Spellcasting
 - Level 4.0 Transmutations
 - Level 4.0 Earth Magic


You had 7 spell levels left.
You knew the following spells:

 Your Spells              Type           Power      Damage    Failure   Level
a - Sandblast             Erth           28%        2d8       21%         1
p - Passwall              Tmut/Erth      11%        N/A       30%         2

Your spell library contained the following spells:

 Spells                   Type           Power      Damage    Failure   Level
 Stone Arrow              Conj/Erth      16%        3d8       80%         3
 Lesser Beckoning         Tloc           2%         N/A       83%         2
 Petrify                  Tmut/Erth      14%        N/A       89%         4
 Gell's Gravitas          Tloc           1%         N/A       97%         3
 Inner Flame              Hex/Fire       1%         N/A       97%         3
 Teleport Other           Tloc           1%         N/A       97%         3
 Flame Wave               Conj/Fire      1%         2d4       100%        4
 Sticky Flame             Conj/Fire      1%         2d3       100%        4


Dungeon Overview and Level Annotations

Branches:
Dungeon (4/15)
 Temple: D:4-7

Altars:

Annotations:
D:4 2 transporters, Ijyb


Innate Abilities, Weirdness & Mutations

You are completely covered in rugged brown scales. (AC +3, +7% HP)
Armour fits poorly on your strangely shaped body.
You have a long armoured tail.
You roll when moving toward enemies. (Rampage)
Your long tongue fully drains potion bottles. (2x potion effects)
Your tongue gives you trouble enunciating. (1.5x scroll delay)


Message History

Ijyb hits you but does no damage. x2
Casting: Sandblast (safe; 21% risk of failure)
Confirm with . or Enter, or press ? or * to list all spells.
Aiming: Sandblast (safe; 21% risk of failure)
Press: ? - help, Shift-Dir - straight line, f/p - Ijyb
Aim: Ijyb, wielding a +0 dagger, wearing a +0 chain mail and carrying a wand of mindburst (7) (heavily wounded, very poisoned, 82% to hit)
The blast of sand hits Ijyb.
Ijyb is heavily wounded.
Ijyb barely misses you.
Casting: Sandblast (safe; 21% risk of failure)
Confirm with . or Enter, or press ? or * to list all spells.
Aiming: Sandblast (safe; 21% risk of failure)
Press: ? - help, Shift-Dir - straight line, f/p - Ijyb
Aim: Ijyb, wielding a +0 dagger, wearing a +0 chain mail and carrying a wand of mindburst (7) (heavily wounded, very poisoned, 82% to hit)
You miscast Sandblast.
Nothing appears to happen.
Ijyb barely misses you.
Casting: Sandblast (safe; 21% risk of failure)
Confirm with . or Enter, or press ? or * to list all spells.
Aiming: Sandblast (safe; 21% risk of failure)
Press: ? - help, Shift-Dir - straight line, f/p - Ijyb
Aim: Ijyb, wielding a +0 dagger, wearing a +0 chain mail and carrying a wand of mindburst (7) (heavily wounded, very poisoned, 82% to hit)
You miscast Sandblast.
Nothing appears to happen.
Ijyb hits you with a +0 dagger.
* * * LOW HITPOINT WARNING * * *
Casting: Sandblast (safe; 21% risk of failure)
Confirm with . or Enter, or press ? or * to list all spells.
Aiming: Sandblast (safe; 21% risk of failure)
Press: ? - help, Shift-Dir - straight line, f/p - Ijyb
Aim: Ijyb, wielding a +0 dagger, wearing a +0 chain mail and carrying a wand of mindburst (7) (severely wounded, very poisoned, 82% to hit)
You miscast Sandblast.
Nothing appears to happen.
Ijyb zaps a wand.
Your mind is blasted!
* * * LOW HITPOINT WARNING * * *
Casting: Sandblast (safe; 21% risk of failure)
Confirm with . or Enter, or press ? or * to list all spells.
Aiming: Sandblast (safe; 21% risk of failure)
Press: ? - help, Shift-Dir - straight line, f/p - Ijyb
Aim: Ijyb, wielding a +0 dagger, wearing a +0 chain mail and carrying a wand of mindburst (6) (severely wounded, very poisoned, 82% to hit)
The blast of sand hits Ijyb but does no damage.
Ijyb is severely wounded.
Ijyb hits you but does no damage. Ijyb hits you with a +0 dagger.
You die...

######.s.#
...#.#########
###o#
.............#
#o..
.............#
##.o
.............#
#.
.............##
.
...$...........
. #..........#
#....@g....#
#>....!....#
#$...[..<..#
#...##########
..# .


You could see Ijyb (very poisoned).

Vanquished Creatures
  Grinder (D:4)
  A centaur (D:3)
  An orc priest (D:4)
  Jessica (D:2)
  Natasha (D:4)
  An iguana (D:2)
  Terence (D:2)
  A gnoll (D:1)
  6 adders
  A shadow imp (D:3)
  2 worms
  3 dart slugs
  3 orcs (D:4)
  2 ball pythons
  3 bats
  6 endoplasms
  4 giant cockroaches
  6 goblins
  4 hobgoblins
  A quokka (D:3)
  2 frilled lizards
  14 kobolds
  4 rats
69 creatures vanquished.

Vanquished Creatures (others)
  A kobold (D:4)
1 creature vanquished.

Grand Total: 70 creatures vanquished

Notes
Turn   | Place    | Note
-------+----------+-------------------------------------------
     0 | D:1      | Cheops the Armataur Earth Elementalist began the quest for
                  | the Orb.
     0 | D:1      | Reached XP level 1. HP: 14/14 MP: 3/3
   217 | D:1      | Reached XP level 2. HP: 21/21 MP: 2/4
   255 | D:1      | Learned a level 2 spell: Passwall
   305 | D:1      | Reached skill level 1 in Transmutations
   805 | D:1      | Reached XP level 3. HP: 27/27 MP: 3/5
  1158 | D:2      | Noticed Terence
  1378 | D:2      | Reached skill level 1 in Short Blades
  1604 | D:2      | Killed Terence
  1605 | D:2      | Reached XP level 4. HP: 15/35 MP: 6/6
  1972 | D:2      | Noticed Jessica
  1978 | D:2      | Killed Jessica
  1979 | D:2      | Reached XP level 5. HP: 38/40 MP: 6/8
  2628 | D:3      | Noticed a centaur
  2637 | D:3      | Killed a centaur
  2641 | D:3      | Reached XP level 6. HP: 39/48 MP: 9/9
  2875 | D:4      | Found a transporter.
  2908 | D:4      | Noticed a fire bat
  3023 | D:4      | Noticed Grinder
  3024 | D:4      | Found a transporter.
  3034 | D:4      | Killed Grinder
  3071 | D:4      | Noticed Natasha
  3077 | D:4      | Killed Natasha
  3082 | D:4      | Reached XP level 7. HP: 39/53 MP: 10/10
  3135 | D:4      | Noticed Ijyb
  3147 | D:4      | Slain by Ijyb

Illustrated notes

Levels and vault maps discovered:
D:1:      sevenhm_arrival_forest_fort_large_2, layout_basic,
          nicolae_eternal_life
D:2:      layout_loops_ring, uniq_jessica, uniq_terence
D:3:      layout_rooms, minmay_misc_feat_tiny, minmay_divided_ellipse
D:4:      gammafunk_cloud_chamber, layout_rooms,
          chequers_temple_overflow_minitemple, serial_shops, shop,
          portal_sewer_entry_a, kennysheep_generic_room_2, uniq_natasha,
          uniq_grinder, uniq_ijyb

Skill      XL: |  1  2  3  4  5  6 |
---------------+-------------------+-----
Earth Magic    | 3 4 |  4.0
Transmutations | 2 3 4 |  4.0
Short Blades   | 2 4 |  4.4
Spellcasting   | 2 |  2.0
Dodging        | |  1.3
Stealth        | |  2.1

Action                     |  1- 3 |  4- 6 |  7- 9 || total
---------------------------+-------+-------+-------++-------
  Melee: Short sword       |     6 |       |       ||     6
         Dagger            |    23 |    86 |    15 ||   124
         Tailslap          |     4 |    13 |       ||    17
         Punch             |       |     1 |       ||     1
   Cast: Sandblast         |    29 |    13 |     8 ||    50
         Passwall          |       |       |     1 ||     1
  Evoke: Wand              |     4 |       |       ||     4
    Use: Scroll            |       |     6 |     1 ||     7
         Potion            |       |       |     2 ||     2
   Stab: Sleeping          |     4 |       |       ||     4
 Armour: Robe              |     9 |       |       ||     9
         Scale mail        |       |    38 |    23 ||    61
  Dodge: Dodged            |    20 |    28 |    12 ||    60
  Block: Other             |     3 |     8 |       ||    11
         Reflection        |     1 |     1 |       ||     2
         Orb               |       |     4 |    11 ||    15
